Map: Lost and Found LE

Players

Tugboat

  • Race: Zerg Zerg
  • Spawn Location: 7:00

Crimson - Winner!

  • Race: Zerg Zerg
  • Spawn Location: 1:00

Event: WCS Austin 2018

VOD

Have the link to the VOD?

Description

Time

  • Played on: June 1, 2018, 2:30 p.m.
  • Length: 3:49

All games in this series

Show
View Real Time Build Order
Export as new Build Order

Tugboat Zerg 

Build Orders: Pool First 

Get SALT Encoding   

  12  0:01  Drone  
  13  0:08  Drone  
  14  0:28  Spawning Pool  
  13  0:29  Drone  
  13  0:35  Extractor  
  13  0:56  Hatchery  
  12  1:04  Overlord  
  13  1:18  Zergling x4  
  13  1:23  Zergling x2  
  15  1:34  Zergling x2  
  16  1:45  Zergling x2  
  17  1:51  Zergling x2  
  18  1:54  Metabolic Boost  
  18  2:02  Zergling x2  
  18  2:07  Queen  
  21  2:11  Zergling x2  
  22  2:23  Zergling x4  
  22  2:24  Zergling x2  
  25  2:32  Overlord  
  25  2:38  Zergling x2  
  25  2:40  Zergling x2  
  27  2:50  Zergling x2  
  28  3:00  Zergling x2  
  28  3:01  Zergling x2  
  29  3:08  Zergling x4  
  30  3:14  Zergling x2  
  31  3:21  Zergling x2  
Show
View Real Time Build Order
Export as new Build Order

Crimson Zerg - Winner!

Build Orders: Hatch First 

Get SALT Encoding   

  12  0:00  Drone  
  13  0:12  Overlord  
  13  0:17  Drone  
  14  0:30  Drone x2  
  14  0:34  Drone  
  17  0:51  Hatchery  
  17  0:54  Drone  
  17  0:57  Drone  
  18  1:08  Extractor  
  17  1:12  Spawning Pool  
  17  1:15  Drone  
  17  1:19  Drone  
  18  1:27  Drone  
  19  1:38  Overlord  
  19  1:50  Drone  
  20  1:59  Queen  
  20  2:00  Zergling x2  
  23  2:02  Queen  
  23  2:03  Zergling x2  
  23  2:07  Metabolic Boost  
  26  2:11  Drone  
  26  2:14  Drone  
  28  2:22  Zergling x2  
  29  2:28  Drone  
  30  2:35  Baneling Nest, Drone  
  30  2:37  Drone  
  30  2:43  Overlord  
  31  2:52  Overlord  
  31  3:04  Queen  
  31  3:05  Overlord  
  33  3:06  Zergling x4  
  33  3:08  Zergling x8  
  37  3:16  Overlord  
  37  3:18  Zergling x2  
  37  3:19  Zergling x2  
  39  3:21  Baneling  
  39  3:22  Baneling  
  39  3:23  Baneling  
  39  3:24  Baneling  
  38  3:27  Zergling x2  
  38  3:29  Zergling x2  
  38  3:30  Baneling  
Tags
 
Add a new tag
Caveats
  • Supply blocks, unpowered buildings, or Contaminate may cause inaccurate times.
  • Supply counts are checked every 10 seconds.